AoeStats
← 根本赢不了

Coastal Forest

510342230Analyzed
4v4 RM · 8h ago on Sep 30, 2026· 44m 49s· 8 players
Game mode
Random Map
Map size
Large (8 player)
Population
200
Speed
Normal
Resources
Standard
Victory
Conquest
Starting age
Dark Age
Ending age
Imperial Age
RankedLock teamsTeams togetherTeam positionsShared explorationLock speedFull tech treeHidden civsTurbo modeCheats
Victory
Defeat
🇨🇳 Saracens · China
1162
+34
1143
+17
1137
+17
🇨🇳 Franks · China
1088
+20
🇹🇼 Japanese · Taiwan
1182
-18
🇨🇷 Slavs · Costa Rica
1165
-18
🇫🇷 Koreans · France
1160
-17
🇲🇽 Franks · Mexico
1149
-17
Kaiser NTX117
6:53 Loom
10:17 Feudal Age
11:50 Double-Bit Axe
17:33 Castle Age
17:18 Scale Barding Armor
23:05 Wheelbarrow
22:17 Town Watch
25:38 Husbandry
37:04 Imperial Age
35:15 Chain Barding Armor
35:06 Forging
37:11 Cavalier
Rexi
5:38 Loom
11:26 Feudal Age
17:09 Wheelbarrow
18:20 Bloodlines
21:38 Town Watch
24:35 Castle Age
30:06 Castle Age
32:00 Horse Collar
33:32 Double-Bit Axe
35:02 Bow Saw
35:22 Pikeman
36:03 Squires
36:41 Scale Mail Armor
38:14 Chain Mail Armor
41:05 Forging
41:45 Hand Cart
BalHoublon
8:53 Loom
11:07 Feudal Age
11:50 Double-Bit Axe
13:50 Wheelbarrow
18:26 Castle Age
16:55 Fletching
17:52 Gold Mining
22:39 Bow Saw
22:31 Bodkin Arrow
23:47 Elite Skirmisher
30:28 Imperial Age
31:31 Bracer
33:26 Chemistry
32:47 Ballistics
33:51 Town Watch
38:32 Murder Holes
38:48 Masonry
41:16 Eupseong
NaCl
12:59 Feudal Age
11:15 Loom
17:28 Castle Age
24:57 Yasama
25:26 Fletching
32:58 Horse Collar
34:07 Wheelbarrow
34:54 Guard Tower
36:11 Ballistics
36:11 Treadmill Crane
38:08 Bodkin Arrow
44:53 Imperial Age
46:01 Imperial Age
根本赢不了
6:06 Loom
9:04 Feudal Age
9:58 Double-Bit Axe
14:49 Fletching
18:37 Padded Archer Armor
21:17 Town Watch
23:34 Castle Age
22:02 Horse Collar
23:38 Crossbowman
24:14 Bodkin Arrow
28:12 Leather Archer Armor
28:09 Thumb Ring
30:25 Gold Mining
32:08 Gold Shaft Mining
32:23 Bow Saw
32:14 Heavy Plow
34:08 Wheelbarrow
33:18 Town Watch
40:08 Imperial Age
40:50 Bracer
41:52 Chemistry
40:13 Capped Ram
41:34 Ballistics
42:08 Ring Archer Armor
41:23 Siege Ram
41:53 Arbalester
76561199122638748
11:44 Feudal Age
15:05 Double-Bit Axe
17:33 Castle Age
19:32 Bow Saw
21:52 Loom
24:05 Gold Mining
25:42 Wheelbarrow
25:59 Gold Shaft Mining
28:01 Hand Cart
30:29 Imperial Age
27:52 Town Watch
29:09 Stone Mining
29:29 Husbandry
31:56 Forging
31:51 Scale Barding Armor
31:09 Cavalier
32:07 Town Patrol
34:12 Iron Casting
33:58 Chain Barding Armor
34:03 Paladin
40:52 Blast Furnace
40:28 Plate Barding Armor
42:14 Caravan
42:44 Coinage
43:21 Scale Mail Armor
适合结婚的好妹妹
11:23 Feudal Age
15:40 Castle Age
14:04 Double-Bit Axe
14:58 Horse Collar
17:16 Heavy Plow
18:54 Wheelbarrow
22:36 Gold Mining
30:01 Imperial Age
27:50 Husbandry
28:01 Bloodlines
28:00 Scale Barding Armor
28:05 Forging
29:00 Bow Saw
29:12 Heavy Plow
30:27 Hand Cart
30:20 Cavalier
31:43 Chain Barding Armor
31:58 Iron Casting
33:16 Plate Barding Armor
32:44 Vendel Legacy
33:45 Conscription
35:23 Blast Furnace
35:46 Elite Varangian Guard
36:11 Arson
36:27 Squires
36:13 Gambesons
37:27 Scale Mail Armor
37:55 Caravan
39:13 Chain Mail Armor
42:27 Plate Mail Armor
42:31 Gothikon
遇事不决选天朝
9:26 Loom
12:43 Feudal Age
17:09 Castle Age
15:16 Double-Bit Axe
15:21 Horse Collar
15:59 Scale Mail Armor
18:12 Squires
17:58 Arson
18:39 Gold Mining
19:41 Wheelbarrow
19:20 Forging
25:55 Hand Cart
29:34 Chain Mail Armor
31:57 Stone Mining
32:44 Bow Saw
32:42 Heavy Plow
35:19 Elite Skirmisher
36:05 Thumb Ring
36:49 Iron Casting
36:05 Fletching
36:15 Padded Archer Armor
37:25 Treadmill Crane
37:58 Masonry
38:03 Fortified Wall
38:11 Fortified Wall
40:57 Imperial Age
39:09 Leather Archer Armor
39:02 Bodkin Arrow
40:39 Gold Shaft Mining
40:36 Caravan
42:37 Conscription
42:54 Hoardings
42:40 Kataparuto
43:31 Chemistry
42:56 Ballistics
44:19 Two-Man Saw
43:43 Bracer
44:13 Ring Archer Armor
44:14 Plate Mail Armor
44:45 Blast Furnace
Connection lost

Rejoining the realm…

Still unreachable

The connection could not be restored.

Session expired

The server has moved on; the page needs a fresh start.